 Dungeon Crawl Stone Soup version 0.29.0-4-gdea44cf6ec (webtiles) character file.

Game seed: 921951788595050790

140 qw the Chopper (level 5, -1/32 HPs)
             Began as a Gargoyle Fighter on Sept 9, 2022.
             Slain by a gnoll
             ... wielding a +0 spear
              (3 damage)
             ... on level 4 of the Dungeon.
             The game lasted 00:01:18 (4014 turns).

qw the Chopper (Gargoyle Fighter)                   Turns: 4014, Time: 00:01:19

Health: -1/32      AC: 10    Str: 21    XL:     5   Next: 22%
Magic:  5/5        EV:  9    Int:  9    God:
Gold:   182        SH:  5    Dex: 15    Spells: 4/4 levels left

rFire   . . .      SeeInvis .   Y - +1 war axe
rCold   . . .      Faith    .   c - +0 buckler
rNeg    + . .      Spirit   .   b - +0 scale mail
rPois   inf        Reflect  .   (no helmet)
rElec   +          Harm     .   (no cloak)
rCorr   +          Rampage  .   (no gloves)
Will    .....                   (no boots)
Stlth   ..........              (no amulet)
HPRegen 0.10/turn               f - +6 ring of dexterity
MPRegen 0.09/turn               j - ring of resist corrosion

@: no status effects
A: sickness immunity, AC +4, negative energy resistance 1, electricity
resistance, torment resistance 1, petrification resistance
a: no special abilities


You were on level 4 of the Dungeon.
You visited 1 branch of the dungeon, and saw 4 of its levels.

You collected 182 gold pieces.


Innate Abilities, Weirdness & Mutations

You are immune to sickness and miasma.
Your stone body is resilient. (AC +4)
You are immune to poison.
You resist negative energy. (rN+)
You are resistant to electric shocks. (rElec)
You are resistant to unholy torment.
You are immune to petrification.


   Skills:
 - Level 3.2 Fighting
 + Level 4.3 Axes
 - Level 1.0 Throwing
 - Level 3.2 Armour
 - Level 1.0 Dodging
 - Level 3.2 Shields


You had 4 spell levels left.
You didn't know any spells.
Your spell library was empty.

Inventory:

Hand Weapons
 o - a +0 flail of draining
 Y - a +1 war axe (weapon)
Missiles
 g - 4 javelins (quivered)
Armour
 b - a +0 scale mail (worn)
 c - a +0 buckler (worn)
Jewellery
 f - a +6 ring of dexterity (left hand)
 j - a ring of resist corrosion (right hand)
Scrolls
 a - a scroll of identify
Potions
 d - 2 potions of might
 e - a potion of lignification
 i - a potion of resistance {unknown}
 k - a potion of flight {unknown}

Dungeon Overview and Level Annotations

Branches:
Dungeon (4/15)
 Temple: D:4-7

Altars:

Shops:
D:3 :


Message History

Press: ? - help, Q - select action Shift-Dir - straight line, f/p - endoplasm You throw a javelin.
The javelin pierces through the endoplasm.
You kill the endoplasm!
There is an open door here.
g - 3 javelins (gained 1)
Found 5 stones.
The hound barks!
You hear a shout!
g - 4 javelins (gained 1)
The steam dragon hisses angrily.
You open the door. 2 gnolls, a dart slug, 3 wights and a hobgoblin come into view.
The hobgoblin shouts!
You hear a shout! x2
A wight comes into view. It is wielding a +2 dagger.
A gnoll comes into view. It is wielding a +0 halberd.
The gnoll moves out of view. x2; The wight moves out of view.
A gnoll and a worm come into view.
The gnoll shouts! x2
The hobgoblin hits you with a +0 war axe!
There is an open door here.
You hit the hobgoblin.
The hobgoblin is heavily wounded.
The hobgoblin barely misses you.
You barely miss the hobgoblin.
The hobgoblin is heavily wounded.
You barely miss the wight. You block the gnoll's attack.
The hobgoblin closely misses you. The gnoll hits you but does no damage.
The wight hits you but does no damage. The wight hits you with a +0 falchion!
The hobgoblin barely misses you. The wight hits you with a +5 hand axe!
The gnoll hits you from afar with a +0 spear.
A kobold comes into view. It is wielding a +0 short sword.
The gnoll hits you but does no damage.
You hit the hobgoblin.
You kill the hobgoblin!
You hit the wight. You closely miss the wight. The wight completely misses you.
You block the wight's attack. The gnoll hits you but does no damage.
The gnoll hits you from afar with a +0 spear.
You die...

##### #...#####
....... #$. #...#
.K..... #.(.
##...# .......
.h##....# .......
###...## ......w
###....#
....ggg####.....##
......z#.......##
....gzz@......##
.....wz#....###
.......######
###.... #....
#.... #...# #...


You could see a worm, 4 wights, 4 gnolls, a dart slug and a kobold.

Vanquished Creatures
  2 adders
  4 gnolls (D:2)
  A worm (D:3)
  A dart slug (D:1)
  4 ball pythons
  5 endoplasms
  6 giant cockroaches
  6 goblins
  7 hobgoblins
  4 jackals (D:1)
  12 kobolds
  5 quokkas
  7 bats
  3 frilled lizards
  6 rats
73 creatures vanquished.

Vanquished Creatures (others)
  32 plants (D:1)
32 creatures vanquished.

Grand Total: 105 creatures vanquished

Notes
Turn   | Place    | Note
-------+----------+-------------------------------------------
     0 | D:1      | qw the Gargoyle Fighter began the quest for the Orb.
     0 | D:1      | Reached XP level 1. HP: 14/14 MP: 1/1
     0 | D:1      | 0 ||| qw: Version: 0.1-a-113-g051387a
     0 | D:1      | 0 ||| qw: Game counter: 7128
     0 | D:1      | 0 ||| qw: Always use a shield: true
     0 | D:1      | 0 ||| qw: God list: Okawaru
     0 | D:1      | 0 ||| qw: Allow faded altars: false
     0 | D:1      | 0 ||| qw: Do Orc after D:15 true
     0 | D:1      | 0 ||| qw: Do second Lair branch before Depths: true
     0 | D:1      | 0 ||| qw: Lair rune preference: random
     0 | D:1      | 0 ||| qw: Plans: Normal, Zot, God:TSO, Crypt, Tomb, Zig,
                  | Orb
     0 | D:1      | 0 ||| PLANNING D:1-11
    16 | D:1      | Reached skill level 2 in Axes
    49 | D:1      | Reached XP level 2. HP: 19/19 MP: 2/2
    57 | D:1      | HP: 2/19 [hobgoblin (4)]
    67 | D:1      | HP: 1/19 [hobgoblin (1)]
   312 | D:1      | 312 ||| Stepping ~*~*~tactically~*~*~ (stealth).
   403 | D:1      | 403 ||| Stepping ~*~*~tactically~*~*~ (stealth).
   498 | D:1      | Reached skill level 3 in Axes
   717 | D:1      | Reached XP level 3. HP: 22/23 MP: 3/3
   857 | D:1      | 857 ||| READING 2 scrolls labelled URROED AVUJITH.
   879 | D:1      | 879 ||| READING scroll labelled JOEQAYSKIH.
   880 | D:1      | 880 ||| Stepping randomly (stuck).
   881 | D:1      | 881 ||| Stepping randomly (stuck).
   882 | D:1      | 882 ||| Stepping randomly (stuck).
   884 | D:1      | 884 ||| Stepping randomly (stuck).
   885 | D:1      | 885 ||| Stepping randomly (stuck).
   886 | D:1      | 886 ||| Stepping randomly (stuck).
   887 | D:1      | 887 ||| Stepping randomly (stuck).
   888 | D:1      | 888 ||| Stepping randomly (stuck).
  1130 | D:1      | 1130 ||| DROPPING +0 club.
  1706 | D:1      | 1706 ||| UPGRADING to +6 ring of dexterity.
  1707 | D:1      | 1707 ||| READING scroll labelled DICEWO JEMIVIE.
  1808 | D:1      | 1808 ||| READING 2 scrolls of identify.
  1808 | D:1      | 1808 ||| IDENTIFYING bubbling grey potion
  1855 | D:2      | 1855 ||| Stepping ~*~*~tactically~*~*~ (stealth).
  1856 | D:2      | 1856 ||| Stepping ~*~*~tactically~*~*~ (stealth).
  2117 | D:2      | Reached skill level 1 in Throwing
  2145 | D:2      | Reached XP level 4. HP: 28/28 MP: 4/4
  2166 | D:2      | Reached skill level 1 in Dodging
  2179 | D:2      | 2179 ||| Stepping ~*~*~tactically~*~*~ (stealth).
  2207 | D:2      | 2207 ||| Stepping ~*~*~tactically~*~*~ (hiding).
  2214 | D:2      | HP: 7/28 [gnoll/+0 spear (5)]
  2216 | D:2      | HP: 2/28 [gnoll/+0 spear (5)]
  2222 | D:2      | Reached skill level 4 in Axes
  2504 | D:2      | 2504 ||| DROPPING +0 whip.
  3112 | D:2      | 3112 ||| UPGRADING to ring of resist corrosion.
  3113 | D:2      | 3113 ||| READING scroll labelled LEUFIOMYUQA.
  3114 | D:2      | 3114 ||| READING 2 scrolls labelled UDUUCWE WUJOPN.
  3115 | D:2      | 3115 ||| READING scroll labelled HOOSOW HI ELAKH.
  3116 | D:2      | 3116 ||| DROPPING scroll of butterflies.
  3207 | D:3      | Found Menamorgh's Book Shop.
  3219 | D:3      | 3219 ||| Stepping ~*~*~tactically~*~*~ (stealth).
  3223 | D:3      | Reached XP level 5. HP: 32/32 MP: 5/5
  3223 | D:3      | 3223 ||| Stepping ~*~*~tactically~*~*~ (stealth).
  3582 | D:3      | Found a faded altar of an unknown god.
  3918 | D:3      | 3918 ||| READING scroll labelled ZESUXT OWUJOVVEUM.
  3919 | D:3      | 3919 ||| READING scroll labelled SIWESS HAAT.
  3922 | D:3      | 3922 ||| READING 2 scrolls of identify.
  3922 | D:3      | 3922 ||| IDENTIFYING dark potion
  3923 | D:3      | 3923 ||| DROPPING potion of degeneration.
  4002 | D:4      | Noticed a sky beast
  4002 | D:4      | Noticed a steam dragon
  4013 | D:4      | HP: 7/32 [wight/+5 hand axe (8)]
  4013 | D:4      | HP: 2/32 [gnoll/+0 spear (5)]
  4014 | D:4      | Slain by a gnoll

Levels and vault maps discovered:
D:1:      wander_arrival_peaceful_grave, layout_basic, serial_bayou,
          serial_bayou_crossing, serial_bayou_pond_b, serial_bayou_shore_a,
          serial_bayou_shore_b, serial_bayou_lagoon_a, minmay_hexomino_f4
D:2:      layout_basic, chequers_arboretum
D:3:      layout_basic, hellmonk_ecumenical_altar_blasted, serial_shops,
          nicolae_shop_trees
D:4:      layout_basic, lightli_corner_chamber, uniq_grinder

Skill      XL: |  1  2  3  4 |
---------------+-------------+-----
Axes           | 2 3 4 |  4.3
Throwing       | 1 |  1.0
Dodging        | 1 |  1.0
Fighting       | |  3.2
Armour         | |  3.2
Shields        | |  3.2

Action                   |  1- 3 |  4- 6 || total
-------------------------+-------+-------++-------
Melee: War axe           |   127 |    29 ||   156
Throw: Javelin           |    18 |    30 ||    48
  Use: Scroll            |     4 |     6 ||    10
Armor: Scale mail        |    60 |    14 ||    74
Dodge: Dodged            |    66 |    23 ||    89
Block: Buckler           |    29 |     6 ||    35

Table legend:
 A = Non-vault XP
 B = Vault XP
 C = Vault XP percentage of total XP
 D = Non-vault monster count
 E = Vault monster count
 F = Vault count percentage of total count
                 A         B        C        D         E       F
            +---------+---------+-------+---------+---------+-------
      Total |     186 |      16 |   7.9 |      62 |      11 |  15.1
            +---------+---------+-------+---------+---------+-------
        D:1 |      45 |      16 |  26.2 |      24 |      11 |  31.4
        D:2 |     103 |       0 |   0.0 |      25 |       0 |   0.0
        D:3 |      19 |       0 |   0.0 |       9 |       0 |   0.0
        D:4 |      19 |       0 |   0.0 |       4 |       0 |   0.0
            +---------+---------+-------+---------+---------+-------
